 Dungeon Crawl Stone Soup version 0.23-a0-488-g5fd82c5 (webtiles) character file.

4683 theanonym the Fighter (level 10, -11/85 HPs)
             Began as a Mummy Warper on Dec 2, 2018.
             Was an Initiate of Gozag.
             Mangled by an orc warrior
             ... wielding a +0 war axe
              (14 damage)
             ... on level 9 of the Dungeon.
             The game lasted 00:16:41 (11979 turns).

theanonym the Fighter (Mummy Warper)               Turns: 11979, Time: 00:16:42

Health: -11/85     AC: 16    Str: 17    XL:     10   Next: 21%
Magic:  14/14      EV:  5    Int: 12    God:    Gozag
Gold:   497        SH:  0    Dex: 13    Spells: 14/14 levels left

rFire    x . .     SeeInvis .   h - +1 flail
rCold    + . .     Gourm    .   (no shield)
rNeg     + + +     Faith    .   m - +0 plate armour
rPois    ∞         Spirit   .   c - +0 helmet
rElec    .         Reflect  .   k - +0 cloak
rCorr    .         Harm     .   a - +0 pair of gloves
MR       +....                  b - +0 pair of boots
Stlth    ..........             (no amulet)
HPRegen  0.24/turn              (no ring)
MPRegen  0.14/turn              (no ring)

@: confused, gold aura
A: no food or potions, fire vulnerability, cold resistance 1, negative energy
resistance 3, torment resistance, unbreathing
a: Potion Petition, Call Merchant, Bribe Branch, Renounce Religion


Innate Abilities, Weirdness & Mutations

You do not eat or drink.
Your flesh is vulnerable to fire.
You are immune to poison.
Your flesh is cold resistant. (rC+)
You are immune to negative energy. (rN+++)
You are immune to unholy pain and torment.
You can survive without breathing.


   Skills:
 + Level 10.0 Fighting
 * Level 8.9 Maces & Flails
 - Level 0.7 Throwing
 + Level 3.8 Armour
 - Level 1.5 Dodging
 - Level 2.6 Spellcasting
   Level 2.4 Translocations


You had 14 spell levels left.
You didn't know any spells.
Your spell library contained the following spells:

 Spells                   Type           Power        Failure   Level  Hunger
 Sting                    Conj/Pois      #...         100%        1    N/A
 Summon Small Mammal      Summ           #...         100%        1    N/A
 Blink                    Tloc           N/A          100%        2    N/A
 Call Imp                 Summ           #.......     100%        2    N/A
 Poisonous Vapours        Pois/Air       #.....       100%        2    N/A
 Shroud of Golubria       Chrm/Tloc      #.........   100%        2    N/A
 Call Canine Familiar     Summ           #.......     100%        3    N/A
 Gell's Gravitas          Tloc           #.........   100%        3    N/A
 Lesser Beckoning         Tloc           #.........   100%        3    N/A
 Mephitic Cloud           Conj/Pois/Air  #.......     100%        3    N/A
 Summon Guardian Golem    Hex/Summ       #.......     100%        3    N/A
 Teleport Other           Tloc           #.......     100%        3    N/A
 Olgreb's Toxic Radiance  Pois           #.......     100%        4    N/A
 Passage of Golubria      Tloc           N/A          100%        4    N/A
 Summon Ice Beast         Ice/Summ       #.......     100%        4    N/A
 Summon Lightning Spire   Summ/Air       #.......     100%        4    N/A
 Venom Bolt               Conj/Pois      #.........   100%        5    N/A

Skill      XL: |  1  2  3  4  5  6  7  8  9 10 |
---------------+-------------------------------+-----
Maces & Flails | 2 3 4 5 7 8 |  8.9
Fighting       | 3 4 5 6 8 9 10 | 10.0
Armour         | 3 |  3.8
Throwing       | |  0.7
Dodging        | |  1.5
Spellcasting   | |  2.6
Translocations | |  2.4

Action                   |  1- 3 |  4- 6 |  7- 9 | 10-12 || total
-------------------------+-------+-------+-------+-------++-------
Melee: Mace              |    94 |   353 |    81 |       ||   528
       Flail             |       |       |   419 |    95 ||   514
Throw: Tomahawk          |     5 |       |     1 |       ||     6
Invok: Potion Petition   |       |       |     2 |       ||     2
Evoke: Wand              |       |       |    11 |     5 ||    16
  Use: Scroll            |       |     8 |     3 |     1 ||    12
 Stab: Paralysed         |       |       |    33 |     3 ||    36
       Distracted        |       |       |     1 |       ||     1
Armor: Leather armour    |    17 |       |       |       ||    17
       Ring mail         |    30 |   176 |       |       ||   206
       Chain mail        |       |       |   235 |       ||   235
       Plate armour      |       |       |    87 |   113 ||   200
Dodge: Dodged            |    70 |   224 |   191 |    21 ||   506

Inventory:

Hand Weapons
 h - a +1 flail (weapon)
   (You took it off an orc on level 3 of the Dungeon)
Missiles
 g - 6 tomahawks (quivered)
 p - a throwing net
Armour
 a - a +0 pair of gloves (worn)
   (You found it on level 7 of the Dungeon)
 b - a +0 pair of boots (worn)
   (You found it on level 3 of the Dungeon)
 c - a +0 helmet (worn)
   (You took it off Robin on level 3 of the Dungeon)
 e - a +0 chain mail
   (You found it on level 4 of the Dungeon)
 k - a +0 cloak (worn)
   (You found it on level 2 of the Dungeon)
 m - a +0 plate armour (worn)
   (You found it on level 8 of the Dungeon)
Wands
 q - a wand of flame (20)
   (You found it on level 8 of the Dungeon)
Scrolls
 d - 2 scrolls of amnesia
 f - 2 scrolls of fog
 j - a scroll of silence
 l - 3 scrolls of immolation
 n - 2 scrolls of remove curse
 t - 8 scrolls of teleportation {!r}
 B - 5 scrolls of blinking


You were on level 9 of the Dungeon.
You worshipped Gozag.
Gozag was aware of your devotion.
You were not hungry.

You visited 2 branches of the dungeon, and saw 10 of its levels.
You also visited: Sewer and Ossuary.

You collected 1085 gold pieces.
You paid 588 gold pieces to Gozag.

Dungeon Overview and Level Annotations

Branches:
Dungeon (9/15)             Temple (1/1) D:4            Lair (0/6) D:8
    Orc: D:9-12

Altars:
Ashenzari
Cheibriados
Dithmenos
Elyvilon
Fedhas
Gozag
Hepliaklqana
Kikubaaqudgha
Makhleb
Nemelex Xobeh
Okawaru
Qazlal
Ru
Sif Muna
Trog
Uskayaw
Vehumet
Wu Jian
Xom
Yredelemnul
Zin
The Shining One
Beogh

Annotations:
D:3 3 runed doors, MisterFreud's ghost, amateur HOAr
D:6 3 runed doors, derval's ghost, novice DDEE; mtoz's ghost, novice MiBe

###......#.# #..##......#..
.#......).....
#..##(.#.......
#...............
................ #########
$.......##......
#.......###o...............
#........o@O......###......
#.....<.###{...... #..#....
#.......# .......#...##...
#.......###....###..####..<
#........................##
#.......###...#.....#.##...
#.......# ##..............
#.......# ####...#####..
######### ###


You could see an orc warrior, an ogre and an orc wizard.

Notes
Turn   | Place    | Note
-------+----------+-------------------------------------------
     0 | D:1      | theanonym the Mummy Warper began the quest for the Orb.
     0 | D:1      | Reached XP level 1. HP: 16/16 MP: 4/4
   389 | D:1      | Reached XP level 2. HP: 18/23 MP: 5/5
   392 | D:1      | Reached skill level 2 in Maces & Flails
  1232 | D:2      | Reached XP level 3. HP: 28/28 MP: 7/7
  1470 | D:2      | Found a blossoming altar of Fedhas.
  1494 | D:2      | Noticed a water moccasin
  1501 | D:2      | HP: 12/28 [water moccasin (3)]
  1503 | D:2      | HP: 4/28 [water moccasin (2)]
  1515 | D:2      | Killed a water moccasin
  1515 | D:2      | Reached skill level 3 in Fighting
  1515 | D:2      | Reached skill level 3 in Maces & Flails
  1515 | D:2      | Reached XP level 4. HP: 7/37 MP: 8/8
  1515 | D:2      | Reached XP level 5. HP: 8/42 MP: 9/9
  2063 | D:3      | Reached skill level 4 in Fighting
  2146 | D:3      | Found a glowing drain.
  2161 | Sewer    | Entered a sewer
  2737 | Sewer    | Reached XP level 6. HP: 40/49 MP: 10/10
  2743 | Sewer    | HP: 24/49 [big kobold/+0 whip (6)]
  2752 | Sewer    | HP: 20/49 [big kobold/+0 whip (4)]
  2759 | Sewer    | HP: 8/49 [big kobold/+0 whip (3)]
  2762 | Sewer    | Reached skill level 4 in Maces & Flails
  3093 | Sewer    | Reached skill level 5 in Fighting
  3481 | D:3      | Found a blossoming altar of Fedhas.
  3896 | D:3      | Noticed MisterFreud's ghost (amateur HOAr)
  3897 | D:3      | Found a runed gate.
  3897 | D:3      | Found a runed gate.
  3897 | D:3      | Found a runed gate.
  3897 | D:3      | Identified the +2 scale mail "Nocwaq" {+Fly rN+++ Int-2
                  | Stlth+}
  3906 | D:3      | Found a roughly hewn altar of Beogh.
  3961 | D:3      | Noticed Robin
  3999 | D:3      | HP: 24/51 [goblin[Robin] (4)]
  4007 | D:3      | Killed Robin
  4444 | D:3      | Found a runed gate.
  4444 | D:3      | Found a runed gate.
  4444 | D:3      | Found a runed gate.
  4445 | D:3      | Found a roughly hewn altar of Beogh.
  4488 | D:3      | Found a blossoming altar of Fedhas.
  5249 | D:4      | Reached XP level 7. HP: 30/56 MP: 11/11
  5437 | D:4      | Found a staircase to the Ecumenical Temple.
  5446 | Temple   | Entered the Ecumenical Temple
  5538 | Temple   | Became a worshipper of Gozag Ym Sagoz the Greedy
  5731 | D:4      | Reached skill level 6 in Fighting
  5731 | D:4      | Reached skill level 5 in Maces & Flails
  5755 | D:4      | HP: 29/58 [worker ant (6)]
  5762 | D:4      | HP: 22/58 [worm (3)]
  5767 | D:4      | HP: 13/58 [worm (8)]
  6246 | D:4      | Found a runed door.
  6250 | D:4      | Noticed Crazy Yiuf
  6260 | D:4      | Killed Crazy Yiuf
  6281 | D:5      | Entered Level 5 of the Dungeon
  7090 | D:6      | Found a runed gate.
  7090 | D:6      | Found a runed gate.
  7091 | D:6      | Noticed mtoz's ghost (novice MiBe)
  7091 | D:6      | Noticed derval's ghost (novice DDEE)
  7092 | D:6      | Found a runed gate.
  7095 | D:6      | Noticed Prince Ribbit
  7266 | D:6      | Reached XP level 8. HP: 58/65 MP: 12/12
  7479 | D:6      | Reached skill level 7 in Fighting
  7512 | D:6      | Killed Prince Ribbit
  7512 | D:6      | Reached skill level 6 in Maces & Flails
  7782 | D:6      | Noticed Eustachio
  7804 | D:6      | Killed Eustachio
  7804 | D:6      | Reached skill level 8 in Fighting
  8435 | D:7      | Reached skill level 7 in Maces & Flails
  8572 | D:7      | Found a sand-covered staircase.
  8579 | Ossuary  | Entered an ossuary
  8632 | Ossuary  | HP: 31/69 [mummy (6)]
  8640 | Ossuary  | HP: 22/69 [mummy (9)]
  8646 | Ossuary  | HP: 12/69 [human zombie (6)]
  9002 | Ossuary  | Reached XP level 9. HP: 64/75 MP: 13/13
  9643 | D:7      | Found a shimmering altar of Xom.
  9889 | D:8      | Noticed Harold
  9906 | D:8      | HP: 35/75 [Harold/+0 halberd (5)]
  9908 | D:8      | Killed Harold
  9908 | D:8      | Reached skill level 9 in Fighting
  9908 | D:8      | Reached skill level 2 in Armour
 10100 | D:8      | Found a staircase to the Lair.
 10133 | D:8      | Noticed a two-headed ogre
 10344 | D:8      | HP: 37/77 [wolf[Grum] (7)]
 10348 | D:8      | Reached skill level 8 in Maces & Flails
 10544 | D:8      | Noticed Grum
 10562 | D:8      | HP: 38/77 [Grum/-2 spear (14)]
 10573 | D:8      | HP: 36/77 [wolf[Grum] (4)]
 10576 | D:8      | Killed Grum
 10576 | D:8      | Reached skill level 3 in Armour
 10582 | D:8      | HP: 32/78 [wolf[Grum] (6)]
 10831 | D:8      | Killed a two-headed ogre
 10831 | D:8      | Reached XP level 10. HP: 85/85 MP: 14/14
 10988 | D:7      | Found a shimmering altar of Xom.
 11147 | D:8      | Found a bloodstained altar of Trog.
 11355 | D:9      | HP: 38/85 [ogre/+0 giant spiked club (10)]
 11356 | D:9      | HP: 17/85 [ogre/+0 giant spiked club (21)]
 11871 | D:9      | Noticed a two-headed ogre
 11896 | D:8      | Reached skill level 10 in Fighting
 11968 | D:9      | HP: 33/85 [orc warrior/+0 war axe (16)]
 11972 | D:9      | HP: 9/85 [ogre/+0 giant spiked club (8)]
 11978 | D:9      | HP: 5/85 [orc warrior/+0 war axe (6)]
 11979 | D:9      | Mangled by an orc warrior

Vanquished Creatures
  Harold (D:8)
  A two-headed ogre (D:8)
  Prince Ribbit (D:6)
  Eustachio (D:6)
  Grum (D:8)
  A water moccasin (D:2)
  A sky beast (D:6)
  A phantom (D:7)
  A black bear (D:9)
  A necrophage (D:8)
  4 ogres
  4 wolves (D:8)
  2 centaurs
  3 big kobolds (Sewer)
  5 bullfrogs
  A scorpion (D:4)
  3 howler monkeys
  3 crimson imps
  A bullfrog zombie (D:8)
  2 human zombies (Ossuary)
  Crazy Yiuf (D:4)
  A centaur skeleton (D:6)
  3 orc priests
  2 hounds (D:7)
  A jelly (D:7)
  2 iguanas
  3 worker ants
  A killer bee zombie (D:9)
  A hound zombie (D:9)
  4 mummies (Ossuary)
  A hound skeleton (D:7)
  Robin (D:3)
  4 gnolls (D:6)
  8 adders
  A river rat (Sewer)
  2 oozes (Sewer)
  An adder skeleton (D:9)
  4 worms
  2 leopard geckos
  17 orcs
  10 bats
  10 giant cockroaches
  A gnoll zombie (Ossuary)
  16 goblins
  9 hobgoblins
  4 jackals
  15 kobolds
  6 quokkas
  7 ball pythons
  6 frilled lizards
  2 goblin zombies
  A hobgoblin zombie (Ossuary)
  2 kobold zombies (Ossuary)
  A leopard gecko skeleton (D:5)
  An orc zombie (Ossuary)
  14 rats
  A rat zombie (D:7)
204 creatures vanquished.

Vanquished Creatures (others)
  5 dream sheep (D:7)
  3 withered plants (D:6)
8 creatures vanquished.

Grand Total: 212 creatures vanquished

Table legend:
 A = Turns spent in this place as a percentage of turns spent in the entire game.
 B = Non-inter-level travel turns spent in this place as a percentage of non-inter-level travel turns spent in the entire game.
 C = Inter-level travel turns spent in this place as a percentage of turns spent in this place.
 D = Turns resting spent in this place as a percentage of non-inter-level travel turns spent in this place.
 E = Turns spent auto-exploring this place as a percentage of non-inter-level travel turns spent in this place.
 F = Non-inter-level travel turns spent in this place divided by the number of levels of this place that you've seen.
                   A       B       C       D       E      F
               +-------+-------+-------+-------+-------+----------------------
         Total | 100.0 | 100.0 |   3.9 |  35.8 |  45.9 | 959.5
       Dungeon |  84.3 |  84.0 |   4.2 |  32.4 |  49.8 | 1074.2
        Temple |   0.9 |   0.6 |  35.8 |   0.0 |  95.6 |  68.0
         Sewer |  10.5 |  10.9 |   0.0 |  52.5 |  25.3 | 1260.0
       Ossuary |   4.3 |   4.5 |   0.0 |  62.7 |  15.3 | 518.0
               +-------+-------+-------+-------+-------+----------------------
